 Dungeon Crawl Stone Soup version 0.13.0-26-gf7ffa3a (webtiles) character file.

18656 Impy the Spear-Bearer (level 12, -10/93 HPs)
             Began as a Demonspawn Gladiator on Oct 31, 2013.
             Was a High Priest of Okawaru.
             Mangled by Rupert
             ... wielding a +2,+4 great mace of protection
              (32 damage)
             ... on Level 4 of the Lair of Beasts.
             The game lasted 01:09:29 (21432 turns).

Impy the Spear-Bearer (Demonspawn Gladiator)       Turns: 21432, Time: 01:09:29

HP -10/93        AC  9     Str 16      XL: 12   Next: 22%
MP  11/11        EV 24     Int 13 (14) God: Okawaru [*****.]
Gold 762         SH  0     Dex 15      Spells:  0 memorised, 11 levels left

Res.Fire  : . . .   See Invis. : .   F - +4,+2 bardiche (freeze)
Res.Cold  : . . .   Warding    : .   b - +0 leather armour
Life Prot.: . . .   Conserve   : .   (no shield)
Res.Poison: .       Res.Corr.  : +   (helmet restricted)
Res.Elec. : .       Clarity    : .   j - +0 cloak
Sust.Abil.: . .     Spirit.Shd : .   o - +0 pair of orc gloves
Res.Mut.  : .       Stasis     : .   m - +2 pair of boots (curse)
Res.Rott. : .       Flight     : .   p - cursed amulet of resist corrosion
Saprovore : . . .                    c - +1 ring of dexterity
                                     d - ring of sustenance

@: heroism, somewhat resistant to hostile enchantments, stealthy
A: antennae 1, conserve scrolls, spiny 1, EV +3
a: Heroism, Finesse, Renounce Religion


You were on level 4 of the Lair of Beasts.
You worshipped Okawaru.
Okawaru was extremely pleased with you.
You were full.

You visited 3 branches of the dungeon, and saw 16 of its levels.

You collected 742 gold pieces.

Inventory:

Hand weapons
 h - a +4,+2 quarterstaff of chaos
 q - a +0,+3 demon blade of pain
 F - a +4,+2 bardiche of freezing (weapon)
Armour
 b - a +0 leather armour (worn)
 j - a +0 cloak (worn)
 m - a cursed +2 pair of boots (worn)
 o - a +0 pair of orcish gloves (worn)
Magical devices
 e - a wand of magic darts (0)
 n - a wand of disintegration (8)
 t - a wand of cold (0)
 u - a wand of confusion (4)
 w - a wand of slowing (3)
 J - a wand of invisibility (1)
Comestibles
 f - a choko
 s - 4 meat rations
 I - a honeycomb
 K - a bread ration
Scrolls
 a - 2 scrolls of enchant armour
 l - 10 scrolls of remove curse
 r - 3 scrolls of enchant weapon I
 x - a scroll of magic mapping
 y - a scroll of teleportation
 z - a scroll of enchant weapon II
 A - 2 scrolls of amnesia
 E - a scroll of fear
 M - a scroll of blinking
Jewellery
 c - a +1 ring of dexterity (right hand)
 d - a ring of sustenance (left hand)
 k - an uncursed amulet of stasis
 p - a cursed amulet of resist corrosion (around neck)
 v - an uncursed ring of ice
Potions
 B - a potion of heal wounds
 D - a potion of curing
 H - a potion of porridge
Books
 g - a book of the Earth

   Spells                             Type                      Level
   Dig                                Earth                        4
   Leda's Liquefaction                Hexes/Earth                  4
   Bolt of Magma                      Conjuration/Fire/Earth       5
   Statue Form                        Transmutation/Earth          6
   Iron Shot                          Conjuration/Earth            6
   Shatter                            Earth                        9
 C - a book of Conjurations

   Spells                             Type                      Level
   Magic Dart                         Conjuration                  1
   Searing Ray                        Conjuration                  2
   Dazzling Spray                     Conjuration/Hexes            3
   Iskenderun's Mystic Blast          Conjuration                  4
   Iskenderun's Battlesphere          Conjuration/Charms           4
   Fulminant Prism                    Conjuration/Hexes            5
 L - a book of Spatial Translocations

   Spells                             Type                      Level
   Apportation                        Translocation                1
   Portal Projectile                  Translocation                2
   Blink                              Translocation                2
   Shroud of Golubria                 Charms/Translocation         2
   Teleport Other                     Translocation                3
   Passage of Golubria                Translocation                4
Magical staves
 i - an uncursed staff of conjuration {unknown}


   Skills:
 + Level 10.2(15.2) Fighting
 + Level 13.1(18.1) Polearms
 - Level 1.7(6.7) Throwing
 - Level 10.0(15.0) Dodging


You had 11 spell levels left.
You didn't know any spells.

Dungeon Overview and Level Annotations

Branches:
Dungeon (11/27)            Temple (1/1) D:7             Orc (0/4) D:7
   Lair (4/8) D:11          Swamp (0/5) Lair:4
 Shoals: Lair:3-6     Snake: Lair:3-6    Spider: Lair:3-6

Altars:
Ashenzari
Cheibriados
Elyvilon
Fedhas
Kikubaaqudgha
Makhleb
Nemelex Xobeh
Okawaru
Sif Muna
Trog
Vehumet
Xom
Yredelemnul
Zin
the Shining One

Shops:
D:8 !

Portals:
Ziggurat: D:7 (3010 gp)

Annotations:
D:10 Econoterrorist's ghost, experienced SpEn
Lair:4 Rupert


Innate Abilities, Weirdness & Mutations

You have a pair of small antennae on your head.
You are surrounded by a moderate repulsion field (EV +3).
You are very good at protecting items from fire.
You are partially covered in sharp spines.


Message History

You hit Rupert but do no damage.
Rupert is heavily wounded.
Rupert misses you.
You closely miss Rupert.
Rupert is heavily wounded.
Rupert is struck by your spines. Rupert misses you.
You slash Rupert! You freeze Rupert.
Rupert is heavily wounded.
Rupert closely misses you.
You slice Rupert!! You freeze Rupert!
Rupert is severely wounded.
Rupert hits you with a runed great mace!
You hit Rupert. You freeze Rupert.
Rupert is severely wounded.
Rupert hits you with a runed great mace!
* * * LOW HITPOINT WARNING * * *
You hit Rupert. You freeze Rupert.
Rupert is severely wounded.
Rupert hits you with a runed great mace!
You die...

....##............
....##............
..................
#P###.#.####..##.#
#####..###.#..##.######.
#..(...................
.#......................
#.......P........@.......
.###.##P.####P #@#..##.Pf
....#.#P.#######.......#
........P................
........................
...............##+##....
..............## #...
..............# ..
.#######P.f.### ##..##


You could see Rupert (berserk).

Vanquished Creatures
  A centaur warrior (D:9)
  The ghost of Numot the Archer, an experienced HEHu of Okawaru (Lair:1)
  The ghost of M4edhros the Covert, an experienced OpAr of Fedhas (D:8)
  3 hill giants
  4 spiny frogs
  A komodo dragon (Lair:2)
  2 trolls (D:11)
  2 polar bears
  Prince Ribbit (D:5)
  A grizzly bear (Lair:2)
  A slime creature (D:11)
  A trapdoor spider (D:10)
  13 yaks
  3 hippogriffs
  A manticore (D:8)
  4 hungry ghosts
  Menkaure (D:6)
  6 wolves (Lair:3)
  6 porcupines
  A necrophage (D:11)
  3 orc warriors
  3 ice beasts
  2 sky beasts
  4 ogres
  6 phantoms
  4 black bears
  3 giant goldfish
  A centaur (D:8)
  3 giant slugs
  4 crocodiles
  8 giant frogs
  3 agate snails
  7 water moccasins
  A hippogriff zombie (D:6)
  A troll zombie (D:7)
  A yak zombie (D:7)
  5 wights (D:11)
  A troll skeleton (D:10)
  13 killer bees
  An electric eel (Lair:3)
  A jellyfish (D:6)
  A yak skeleton (D:11)
  A centaur zombie (D:10)
  9 crimson imps
  4 jellies
  A giant frog skeleton (D:8)
  Crazy Yiuf (D:2)
  7 hounds
  3 scorpions
  8 orc priests
  2 big fish (D:6)
  13 orc wizards
  6 iguanas
  10 worker ants
  7 ogre zombies (D:7)
  Ijyb (D:2)
  A mummy (D:9)
  10 green rats (Lair:2)
  3 giant centipedes
  7 gnolls
  2 giant mites
  16 adders
  An inept feature mimic (D:2)
  14 worms
  A giant eyeball (D:8)
  An ooze (D:3)
  31 orcs
  A bat zombie (D:6)
  6 giant cockroaches
  16 goblins
  21 hobgoblins
  20 jackals
  9 quokkas
  18 bats
  10 giant geckos
  A giant gecko zombie (D:7)
  8 giant newts
  A goblin skeleton (D:7)
  3 goblin zombies (D:7)
  3 hobgoblin skeletons (D:7)
  A jackal skeleton (D:4)
  19 kobolds
  2 orc skeletons
  18 orc zombies (D:7)
  15 rats
  5 ballistomycetes (D:6)
467 creatures vanquished.

Vanquished Creatures (others)
  A hobgoblin (D:2)
  A kobold (D:2)
  A giant spore (D:6)
  A ballistomycete (D:6)
4 creatures vanquished.

Grand Total: 471 creatures vanquished

Notes
Turn   | Place    | Note
--------------------------------------------------------------
     0 | D:1      | Impy, the Demonspawn Gladiator, began the quest for the Orb.
     0 | D:1      | Reached XP level 1. HP: 17/17 MP: 0/0
   225 | D:1      | Reached skill level 3 in Dodging
   238 | D:1      | Gained mutation: You are very good at protecting items from fire. [demonic ancestry]
   238 | D:1      | Reached XP level 2. HP: 8/23 MP: 1/1
   849 | D:1      | Gained mutation: You are surrounded by a mild repulsion field (EV +2). [demonic ancestry]
   849 | D:1      | Reached XP level 3. HP: 24/28 MP: 2/2
  1343 | D:2      | Noticed Ijyb
  1502 | D:2      | Killed Ijyb
  1806 | D:2      | Reached XP level 4. HP: 30/35 MP: 3/3
  1852 | D:2      | Noticed Crazy Yiuf
  1864 | D:2      | Killed Crazy Yiuf
  1957 | D:2      | Found a sparkling altar of Nemelex Xobeh.
  2029 | D:2      | Reached skill level 4 in Dodging
  2052 | D:2      | Found a snail-covered altar of Cheibriados.
  2152 | D:2      | Found a radiant altar of Vehumet.
  2205 | D:2      | Reached XP level 5. HP: 40/40 MP: 4/4
  2722 | D:3      | Found a shattered altar of Ashenzari.
  3461 | D:3      | Reached XP level 6. HP: 25/46 MP: 5/5
  3521 | D:3      | Reached skill level 5 in Polearms
  3695 | D:4      | Reached skill level 5 in Dodging
  4049 | D:4      | Found a basalt altar of Yredelemnul.
  4049 | D:4      | Found a glowing silver altar of Zin.
  4220 | D:4      | Gained mutation: You are surrounded by a moderate repulsion field (EV +3). [demonic ancestry]
  4220 | D:4      | Reached XP level 7. HP: 29/51 MP: 6/6
  4686 | D:5      | Entered Level 5 of the Dungeon
  4878 | D:5      | Reached skill level 6 in Polearms
  5277 | D:5      | Noticed Prince Ribbit
  5292 | D:5      | Killed Prince Ribbit
  5292 | D:5      | Reached XP level 8. HP: 11/58 MP: 7/7
  5672 | D:5      | Reached skill level 7 in Polearms
  7379 | D:6      | Reached skill level 8 in Polearms
  7551 | D:6      | Found a shimmering altar of Xom.
  7603 | D:6      | Noticed Menkaure
  7615 | D:6      | Killed Menkaure
  7622 | D:6      | Gained mutation: You have a pair of small antennae on your head. [demonic ancestry]
  7622 | D:6      | Reached XP level 9. HP: 32/63 MP: 8/8
  9421 | D:6      | Reached skill level 9 in Polearms
  9440 | D:7      | Found a staircase to the Ecumenical Temple.
  9446 | Temple   | Entered the Ecumenical Temple
  9768 | D:7      | Found a staircase to the Orcish Mines.
 10083 | D:7      | Found a gateway to a ziggurat.
 10551 | D:7      | Got a shimmering trident
 10552 | D:7      | Identified the cursed +3,-1 trident of Disharmony {drain, rN+ Stlth--} (You found it on level 7 of the Dungeon)
 10619 | D:7      | Found an iron altar of Okawaru.
 10627 | D:7      | Became a worshipper of Warmaster Okawaru
 10954 | D:8      | Found Klaakhuv's Distillery.
 11044 | D:8      | Noticed M4edhros' ghost (experienced OpAr)
 11324 | D:8      | Reached XP level 10. HP: 61/69 MP: 9/9
 11654 | D:8      | Reached skill level 10 in Polearms
 11680 | D:8      | Reached skill level 10 in Dodging
 12085 | D:8      | Acquired Okawaru's first power
 12619 | D:9      | Noticed a hill giant
 12620 | D:9      | Noticed a centaur warrior
 12658 | D:9      | Killed a centaur warrior
 13004 | D:10     | Entered Level 10 of the Dungeon
 13513 | D:10     | Noticed Econoterrorist's ghost (experienced SpEn)
 13626 | D:9      | Killed a hill giant
 13626 | D:9      | Reached skill level 5 in Fighting
 13934 | D:9      | Reached skill level 11 in Polearms
 14407 | D:8      | Paralysed by a giant eyeball for 3 turns
 14437 | D:8      | Killed M4edhros' ghost
 14437 | D:8      | Gained mutation: You are partially covered in sharp spines. [demonic ancestry]
 14437 | D:8      | Reached XP level 11. HP: 61/80 MP: 7/10
 15009 | D:9      | Noticed a hill giant
 15028 | D:9      | Killed a hill giant
 15567 | D:11     | Noticed a hill giant
 15581 | D:11     | Killed a hill giant
 16398 | D:11     | HP: 3/82 [troll (9)]
 16400 | D:11     | Reached skill level 12 in Polearms
 16782 | D:11     | Found a staircase to the Lair.
 17216 | Lair:1   | Entered Level 1 of the Lair of Beasts
 17755 | Lair:1   | Identified a scroll of acquirement
 17809 | Lair:1   | Noticed Numot's ghost (experienced HEHu)
 17823 | Lair:1   | Killed Numot's ghost
 18390 | Lair:1   | Noticed a five-headed hydra
 19445 | Lair:2   | Acquired Okawaru's second power
 19445 | Lair:2   | Reached XP level 12. HP: 90/92 MP: 11/11
 20488 | Lair:3   | Reached skill level 10 in Fighting
 20655 | Lair:3   | Reached skill level 13 in Polearms
 21066 | Lair:3   | Got an ebony war axe
 21067 | Lair:3   | Identified the cursed +0,+0 war axe of the Exiled Realms {venom, +Fly rPois rC+ Int+2} (You found it on level 3 of the Lair of Beasts)
 21372 | Lair:4   | Found a staircase to the Swamp.
 21414 | Lair:4   | Noticed Rupert
 21432 | Lair:4   | Mangled by Rupert

Action                   |  1- 3 |  4- 6 |  7- 9 | 10-12 || total
-------------------------+-------+-------+-------+-------++-------
Melee: Trident           |   186 |   301 |   989 |   274 ||  1750
       Quarterstaff      |       |       |    12 |       ||    12
       Glaive            |       |       |       |   412 ||   412
       Bardiche          |       |       |       |   289 ||   289
Throw: Throwing net      |       |     5 |     2 |       ||     7
Invok: Heroism           |       |       |       |    10 ||    10
Evoke: Wand              |       |       |    20 |    23 ||    43
  Use: Scroll            |     4 |     6 |    12 |    11 ||    33
       Potion            |     4 |     4 |    11 |    13 ||    32
 Stab: Distracted        |     1 |       |       |       ||     1
       Held in net/web   |       |     2 |       |       ||     2
       Sleeping          |       |       |       |     1 ||     1
